SR
STATEN ISLAND PIZZA RATS @ MOOSE JAW CANUCKS
08/12/2032
 
TOP OF THE 1ST
Staten Island Pizza Rats batting - Pitching for Moose Jaw Canucks : RHP Tung-chi Ran
Pitching: RHP Tung-chi Ran
Batting: SHB Cheong-hun Kang 0-0: Called Strike
0-1: Ground out 1-3 (Groundball, 13)
Batting: LHB Ryan Dudley 0-0: Ball
1-0: Ball
2-0: Called Strike
2-1: Ball
3-1: Foul Ball, location: 2F
3-2: SOLO HOME RUN (Flyball, 9D), Distance : 363 ft
Batting: LHB Dallas McMurran 0-0: Foul Ball, location: 2F
0-1: Ball
1-1: Foul Ball, location: 2F
1-2: Strikes out looking
Batting: RHB John Mayasich 0-0: Called Strike
0-1: Swinging Strike
0-2: Ball
1-2: Ball
2-2: Strikes out swinging
Top of the 1st over - 1 run, 1 hit, 0 errors, 0 left on base; Staten Island 1 - Moose Jaw 0
BOTTOM OF THE 1ST
Moose Jaw Canucks batting - Pitching for Staten Island Pizza Rats : RHP John Bennett
Pitching: RHP John Bennett
Batting: LHB Ramón Padilla 0-0: Fly out, F9 (Flyball, 9)
Batting: RHB Michael Hughes 0-0: Foul Ball, location: 2F
0-1: Ball
1-1: Foul Ball, location: 2F
1-2: Ball
2-2: Ball
3-2: Foul Ball, location: 2F
3-2: Fly out, F8 (Flyball, 8RD)
Batting: SHB Ricardo Serna 0-0: Ball
1-0: Fly out, F9 (Flyball, 9S)
Bottom of the 1st over - 0 runs, 0 hits, 0 errors, 0 left on base; Staten Island 1 - Moose Jaw 0
TOP OF THE 2ND
Staten Island Pizza Rats batting - Pitching for Moose Jaw Canucks : RHP Tung-chi Ran
Batting: LHB Don Mosley 0-0: Ball
1-0: Ball
2-0: Ball
3-0: Base on Balls
Batting: RHB Carlos Gonzáles 0-0: Called Strike
0-1: Ball
1-1: Ball
2-1: Ball
3-1: Called Strike
3-2: Base on Balls
Don Mosley to second
Batting: LHB Andrés Rodríguez 0-0: Called Strike
0-1: Called Strike
0-2: Ball
1-2: Ball
2-2: Strikes out swinging
Batting: RHB Tadao Tsukamoto 0-0: Swinging Strike
0-1: Swinging Strike
0-2: Strikes out swinging
Batting: RHB Doug Becker 0-0: Ball
1-0: Ball
2-0: Foul Ball, location: 2F
2-1: Fielders Choice at 2nd, 5-4 (Groundball, 5)
Top of the 2nd over - 0 runs, 0 hits, 0 errors, 2 left on base; Staten Island 1 - Moose Jaw 0
BOTTOM OF THE 2ND
Moose Jaw Canucks batting - Pitching for Staten Island Pizza Rats : RHP John Bennett
Batting: RHB José Ayala 0-0: Called Strike
0-1: Ground out 6-3 (Groundball, 6)
Batting: RHB Qi-chao Di 0-0: Called Strike
0-1: Ball
1-1: Foul Ball, location: 2F
1-2: SINGLE (Groundball, 5D)
Batting: RHB Dale Doney 0-0: Ball
1-0: Foul Ball, location: 2F
1-1: Called Strike
1-2: Ball
2-2: Ball
3-2: Base on Balls
Qi-chao Di to second
Batting: RHB Yaakov Shmerkin 0-0: Ball
1-0: SINGLE (Groundball, 6MD)
Qi-chao Di to third
Dale Doney to second
Runner from 3rd tries for Home, SAFE, throw made home
Batting: RHB António Valentín 0-0: Called Strike
0-1: Ball
1-1: Swinging Strike
1-2: Ball
2-2: Foul Ball, location: 2F
2-2: Ball
3-2: Strikes out swinging
Batting: RHB Bernardo Rodríguez 0-0: Called Strike
0-1: Called Strike
0-2: Ball
1-2: Ball
2-2: Ball
3-2: Base on Balls
Dale Doney to third
Yaakov Shmerkin to second
Batting: LHB Ramón Padilla 0-0: Fly out, F7 (Line Drive, 78S)
Bottom of the 2nd over - 1 run, 2 hits, 0 errors, 3 left on base; Staten Island 1 - Moose Jaw 1
TOP OF THE 3RD
Staten Island Pizza Rats batting - Pitching for Moose Jaw Canucks : RHP Tung-chi Ran
Batting: SHB Cheong-hun Kang 0-0: Ball
1-0: Called Strike
1-1: Foul Ball, location: 2F
1-2: Ball
2-2: SINGLE (Line Drive, 9LM)
Batting: LHB Ryan Dudley 0-0: Ball
Cheong-hun Kang is caught stealing 2nd base
1-0: Ball
2-0: Called Strike
2-1: TRIPLE (Flyball, 8RXD)
Batting: LHB Dallas McMurran 0-0: Ball
1-0: Called Strike
1-1: Ball
2-1: Ball
3-1: Base on Balls
Batting: RHB John Mayasich 0-0: Called Strike
Dallas McMurran steals 2nd base
0-1: Ball
1-1: Called Strike
1-2: Strikes out looking
Batting: LHB Don Mosley 0-0: Swinging Strike
0-1: Ball
1-1: Swinging Strike
1-2: Strikes out swinging
Top of the 3rd over - 0 runs, 2 hits, 0 errors, 2 left on base; Staten Island 1 - Moose Jaw 1
BOTTOM OF THE 3RD
Moose Jaw Canucks batting - Pitching for Staten Island Pizza Rats : RHP John Bennett
Batting: RHB Michael Hughes 0-0: Ball
1-0: Swinging Strike
1-1: Fly out, F7 (Flyball, 7)
Batting: SHB Ricardo Serna 0-0: Fly out, F7 (Flyball, 78D)
Batting: RHB José Ayala 0-0: Called Strike
0-1: Called Strike
0-2: SINGLE (Line Drive, 56)
Batting: RHB Qi-chao Di 0-0: Ground out U3 (Groundball, 3)
Bottom of the 3rd over - 0 runs, 1 hit, 0 errors, 1 left on base; Staten Island 1 - Moose Jaw 1
TOP OF THE 4TH
Staten Island Pizza Rats batting - Pitching for Moose Jaw Canucks : RHP Tung-chi Ran
Batting: RHB Carlos Gonzáles 0-0: Ball
1-0: Foul Ball, location: 2F
1-1: SINGLE (Groundball, 6MD)
Batting: LHB Andrés Rodríguez 0-0: Ball
1-0: Ground out U3 (Groundball, 3)
Carlos Gonzáles to second
Batting: RHB Tadao Tsukamoto 0-0: Called Strike
0-1: Ball
1-1: Ball
2-1: Called Strike
2-2: Strikes out swinging
Batting: RHB Doug Becker 0-0: Ball
1-0: Foul Ball, location: 2F
1-1: Called Strike
1-2: Strikes out looking
Top of the 4th over - 0 runs, 1 hit, 0 errors, 1 left on base; Staten Island 1 - Moose Jaw 1
BOTTOM OF THE 4TH
Moose Jaw Canucks batting - Pitching for Staten Island Pizza Rats : RHP John Bennett
Batting: RHB Dale Doney 0-0: Called Strike
0-1: Ball
1-1: DOUBLE (Line Drive, 89M)
Batting: RHB Yaakov Shmerkin 0-0: Foul Ball, location: 2F
0-1: Ball
1-1: Swinging Strike
1-2: Foul Ball, location: 2F
1-2: Ball
Passed Ball!
Dale Doney to third
2-2: Ball
3-2: Ground out 6-3 (Groundball, 6)
Dale Doney scores
Batting: RHB António Valentín 0-0: Ground out 6-3 (Groundball, 6)
Batting: RHB Bernardo Rodríguez 0-0: Fly out, F8 (Flyball, 8LD)
Bottom of the 4th over - 1 run, 1 hit, 0 errors, 0 left on base; Staten Island 1 - Moose Jaw 2
TOP OF THE 5TH
Staten Island Pizza Rats batting - Pitching for Moose Jaw Canucks : RHP Tung-chi Ran
Batting: SHB Cheong-hun Kang 0-0: Swinging Strike
0-1: SINGLE (Groundball, 34D)
Batting: LHB Ryan Dudley 0-0: Ball
1-0: Ball
Cheong-hun Kang steals 2nd base
2-0: Bunt missed!
2-1: Sac Bunt - play at first, batter OUT! 2-4
Cheong-hun Kang to third
Batting: LHB Dallas McMurran 0-0: Ball
1-0: Called Strike
1-1: Swinging Strike
1-2: Foul Ball, location: 2F
1-2: Foul Ball, location: 2F
1-2: Ball
2-2: Ball
3-2: SINGLE (Flyball, 9LM)
Cheong-hun Kang scores
Batting: RHB John Mayasich 0-0: Called Strike
0-1: Ball
1-1: Ball
2-1: Foul Ball, location: 2F
2-2: Foul Ball, location: 2F
2-2: Foul Ball, location: 2F
2-2: Ball
3-2: Fly out, F6 (Flyball, 6D)
Pitching: RHP Gi-hyuk Tang
Batting: LHB Don Mosley 0-0: Ball
Dallas McMurran is caught stealing 2nd base
Top of the 5th over - 1 run, 2 hits, 0 errors, 0 left on base; Staten Island 2 - Moose Jaw 2
BOTTOM OF THE 5TH
Moose Jaw Canucks batting - Pitching for Staten Island Pizza Rats : RHP John Bennett
Batting: LHB Ramón Padilla 0-0: Called Strike
0-1: Ball
1-1: Foul Ball, location: 2F
1-2: Foul Ball, location: 2F
1-2: Strikes out swinging
Batting: RHB Michael Hughes 0-0: Ball
1-0: Called Strike
1-1: Swinging Strike
1-2: Strikes out swinging
Batting: SHB Ricardo Serna 0-0: Ball
1-0: Fly out, F8 (Line Drive, 8LS)
Bottom of the 5th over - 0 runs, 0 hits, 0 errors, 0 left on base; Staten Island 2 - Moose Jaw 2
TOP OF THE 6TH
Staten Island Pizza Rats batting - Pitching for Moose Jaw Canucks : RHP Gi-hyuk Tang
Batting: LHB Don Mosley 0-0: Ball
1-0: Ground out 4-3 (Groundball, 4)
Batting: RHB Carlos Gonzáles 0-0: Foul Ball, location: 2F
0-1: Ball
1-1: Foul Ball, location: 2F
1-2: SINGLE (Groundball, 6D)
Batting: LHB Andrés Rodríguez 0-0: Called Strike
0-1: Fly out, F8 (Flyball, 89D)
Batting: RHB Tadao Tsukamoto 0-0: Ball
Pickoff Throw to First - Error! E1
Carlos Gonzáles to second
1-0: Called Strike
1-1: Foul Ball, location: 2F
1-2: Foul Ball, location: 2F
1-2: Ball
2-2: Strikes out swinging
Top of the 6th over - 0 runs, 1 hit, 1 error, 1 left on base; Staten Island 2 - Moose Jaw 2
BOTTOM OF THE 6TH
Moose Jaw Canucks batting - Pitching for Staten Island Pizza Rats : RHP John Bennett
Batting: RHB José Ayala 0-0: Called Strike
0-1: Called Strike
0-2: Strikes out swinging
Batting: RHB Qi-chao Di 0-0: Called Strike
0-1: Foul Ball, location: 2F
0-2: Ground out 4-3 (Groundball, 4)
Batting: RHB Dale Doney 0-0: Called Strike
0-1: SOLO HOME RUN (Flyball, 9D), Distance : 361 ft
Batting: RHB Yaakov Shmerkin 0-0: Ball
1-0: Ball
2-0: Fly out, F2 (Popup, 2LF)
Bottom of the 6th over - 1 run, 1 hit, 0 errors, 0 left on base; Staten Island 2 - Moose Jaw 3
TOP OF THE 7TH
Staten Island Pizza Rats batting - Pitching for Moose Jaw Canucks : RHP Gi-hyuk Tang
Batting: RHB Doug Becker 0-0: Ball
1-0: Ball
2-0: Foul Ball, location: 2F
2-1: Swinging Strike
2-2: Strikes out swinging
Batting: SHB Cheong-hun Kang 0-0: Fly out, F8 (Flyball, 8LD)
Batting: LHB Ryan Dudley 0-0: Called Strike
0-1: Called Strike
0-2: Strikes out swinging
Top of the 7th over - 0 runs, 0 hits, 0 errors, 0 left on base; Staten Island 2 - Moose Jaw 3
BOTTOM OF THE 7TH
Moose Jaw Canucks batting - Pitching for Staten Island Pizza Rats : RHP John Bennett
Batting: RHB António Valentín 0-0: Ball
1-0: Ball
2-0: Ball
3-0: Base on Balls
Pinch Hitting: RHB An-te-hai Qing 0-0: Sac Bunt - play at first, batter OUT! 5-4
António Valentín to second
Batting: LHB Ramón Padilla 0-0: Intentional Walk
Batting: RHB Michael Hughes 0-0: Ball
1-0: Called Strike
1-1: Ball
2-1: Foul Ball, location: 2F
2-2: Strikes out swinging
Batting: SHB Ricardo Serna 0-0: DOUBLE (Line Drive, 7LM)
António Valentín scores
Ramón Padilla to third
Batting: RHB José Ayala 0-0: Swinging Strike
0-1: Called Strike
0-2: Foul Ball, location: 2F
0-2: Strikes out swinging
Bottom of the 7th over - 1 run, 1 hit, 0 errors, 2 left on base; Staten Island 2 - Moose Jaw 4
TOP OF THE 8TH
Staten Island Pizza Rats batting - Pitching for Moose Jaw Canucks : RHP Gi-hyuk Tang
Now at 2B: An-te-hai Qing
Batting: LHB Dallas McMurran 0-0: Called Strike
0-1: Foul Ball, location: 2F
0-2: Foul Ball, location: 2F
0-2: Ball
1-2: Foul Ball, location: 2F
1-2: Strikes out swinging
Batting: RHB John Mayasich 0-0: Ball
1-0: Foul Ball, location: 2F
1-1: SINGLE (Groundball, 6MD)
Batting: LHB Don Mosley 0-0: Ball
1-0: Swinging Strike
1-1: Foul Ball, location: 2F
1-2: Ball
2-2: Foul Ball, location: 2F
2-2: Ball
3-2: SINGLE (Groundball, 4) (infield hit)
John Mayasich to second
Pitching: RHP António Rodríguez
Batting: RHB Carlos Gonzáles 0-0: Swinging Strike
0-1: Ball
1-1: Swinging Strike
1-2: Strikes out looking
Batting: LHB Andrés Rodríguez 0-0: Ball
1-0: Ball
2-0: Ball
3-0: Base on Balls
John Mayasich to third
Don Mosley to second
Batting: RHB Tadao Tsukamoto 0-0: Ball
1-0: Foul Ball, location: 2F
1-1: Ball
2-1: Called Strike
2-2: Ball
3-2: Strikes out swinging
Top of the 8th over - 0 runs, 2 hits, 0 errors, 3 left on base; Staten Island 2 - Moose Jaw 4
BOTTOM OF THE 8TH
Moose Jaw Canucks batting - Pitching for Staten Island Pizza Rats : RHP John Bennett
Batting: RHB Qi-chao Di 0-0: Called Strike
0-1: Ball
1-1: Called Strike
1-2: Strikes out looking
Batting: RHB Dale Doney 0-0: Ball
1-0: Swinging Strike
1-1: Swinging Strike
1-2: SINGLE (Flyball, 34D)
Batting: RHB Yaakov Shmerkin 0-0: Fly out, F7 (Line Drive, 7S)
Batting: RHB António Valentín 0-0: Foul Ball, location: 2F
0-1: Ball
1-1: Foul Ball, location: 2F
1-2: Ball
2-2: Ball
3-2: Base on Balls
Dale Doney to second
Batting: RHB An-te-hai Qing 0-0: Called Strike
0-1: SINGLE (Groundball, 56D)
Dale Doney to third
António Valentín to second
Runner from 3rd tries for Home, throw and OUT!
Bottom of the 8th over - 0 runs, 2 hits, 0 errors, 2 left on base; Staten Island 2 - Moose Jaw 4
TOP OF THE 9TH
Staten Island Pizza Rats batting - Pitching for Moose Jaw Canucks : RHP António Rodríguez
Pitching: RHP Nino Ghannam
Batting: RHB Doug Becker 0-0: Fly out, F5 (Line Drive, 5S)
Batting: SHB Cheong-hun Kang 0-0: Ball
1-0: Ground out 6-3 (Groundball, 6S)
Batting: LHB Ryan Dudley 0-0: Swinging Strike
0-1: Bunt - Flyout! F3
Top of the 9th over - 0 runs, 0 hits, 0 errors, 0 left on base; Staten Island 2 - Moose Jaw 4
Wednesday, September 19th, 2018 - OOTP Baseball 18.8 Build 76